 Dungeon Crawl Stone Soup version 0.27-a0-538-g15ff5c5295 (webtiles) character file.

Game seed: 245704928997075103

728 HoaS the Insei (level 7, 0/57 HPs)
             Began as a Demigod Gladiator on Mar 6, 2021.
             Slain by an orc priest
             ... wielding a +0 short sword
              (1 damage)
             ... on level 5 of the Dungeon.
             The game lasted 00:10:43 (4722 turns).

HoaS the Insei (Demigod Gladiator)                  Turns: 4722, Time: 00:10:44

Health: 0/57       AC: 15    Str: 19    XL:     7   Next: 20%
Magic:  9/9        EV: 11    Int: 10    God:
Gold:   400        SH:  0    Dex: 19    Spells: 6/6 levels left

rFire    . . .     SeeInvis .     - Unarmed
rCold    . . .     Faith    .   (no shield)
rNeg     . . .     Spirit   .   d - +0 scale mail
rPois    .         Reflect  .   j - +2 helmet
rElec    .         Harm     .   (no cloak)
rCorr    .         Rampage  .   h - +0 pair of gloves
Will     .....                  (no boots)
Stlth    ..........             (no amulet)
HPRegen  0.19/turn              e - +4 ring of protection
MPRegen  0.11/turn              (no ring)

@: no status effects
A: high mp 1, forlorn
a: no special abilities


You were on level 5 of the Dungeon.
You visited 1 branch of the dungeon, and saw 5 of its levels.

You collected 400 gold pieces.

Inventory:

Missiles
 c - 2 throwing nets (quivered)
 f - 28 poisoned darts
Armour
 d - a +0 scale mail (worn)
 h - a +0 pair of gloves (worn)
 j - a +2 helmet (worn)
Jewellery
 e - a +4 ring of protection (left hand)
Wands
 k - a wand of polymorph (7)
Scrolls
 g - a scroll of identify
Potions
 b - 2 potions of flight
 i - a potion of mutation


   Skills:
 + Level 3.3 Fighting
 - Level 1.7 Throwing
 + Level 3.2 Armour
 + Level 3.3 Dodging
 * Level 6.3 Unarmed Combat


You had 6 spell levels left.
You didn't know any spells.
Your spell library was empty.

Dungeon Overview and Level Annotations

Branches:
Dungeon (4/15)
 Temple: D:4-7

Annotations:
D:2 1 runed translucent door


Innate Abilities, Weirdness & Mutations

Your attributes grow dramatically as you level up.
You have an increased reservoir of magic. (+10% MP)
You shall have no god before yourself.


Message History

You barely miss the orc priest.
The orc priest is moderately wounded.
Something hits you but does no damage.
The orc priest casts a cantrip, but nothing happens.
The orc priest hits you but does no damage.
You punch the orc priest! You punch the orc priest.
You kill the orc priest!
Something hits you.
* * * LOW HITPOINT WARNING * * *
The orc priest casts a cantrip, but nothing happens.
Something hits you but does no damage.
The orc priest hits you but does no damage.
You see here a +0 leather armour.
Something completely misses you.
The orc priest hits you but does no damage.
You barely miss the orc priest. Something hits you but does no damage.
The orc priest closely misses you.
You hit the orc priest. Your punch misses the orc priest.
The orc priest is lightly wounded.
Something hits you but does no damage.
The orc priest invokes the aid of Beogh against you.
Pain shoots through your body!
* * * LOW HITPOINT WARNING * * *
You closely miss the orc priest.
The orc priest is lightly wounded.
Something hits you.
* * * LOW HITPOINT WARNING * * *
The orc priest hits you but does no damage.
You hit the orc priest.
The orc priest is moderately wounded.
You hear some strange, mumbled words.
Something tries to affect you, but you resist.
The orc priest closely misses you.
You punch the orc priest!
The orc priest is almost dead.
Something hits you but does no damage.
You closely miss the orc priest.
The orc priest is almost dead.
The orc priest hits you with a +0 short sword.
You die...

#.[...# .....#.....#
.....#.....#
....#...[.#
....#..).o#
...#.....# ###
#..#...!.#
.##..##..#....##
.......@.#....#
......{[o#....#
#.###+###)##....# ..
##.###.#...)..#+##
.... #......#......#
..>. #......#......#
......#......#......#
......#......#......#
......#......#......#


You could see an orc priest.

Vanquished Creatures
  An ogre (D:4)
  2 hounds (D:4)
  2 orc priests (D:5)
  A gnoll shaman (D:3)
  An iguana (D:4)
  Ijyb (D:4)
  3 orc wizards (D:3)
  Robin (D:2)
  4 adders
  15 gnolls (D:3)
  A white imp (D:4)
  An adder skeleton (D:4)
  3 worms
  2 dart slugs
  2 leopard geckos (D:2)
  9 orcs
  7 bats
  3 giant cockroaches
  17 goblins
  13 hobgoblins
  7 jackals
  2 quokkas (D:3)
  3 ball pythons
  3 frilled lizards (D:1)
  A jackal skeleton (D:4)
  44 kobolds
  A kobold zombie (D:2)
  12 rats
162 creatures vanquished.

Notes
Turn   | Place    | Note
-------+----------+-------------------------------------------
     0 | D:1      | HoaS the Demigod Gladiator began the quest for the Orb.
     0 | D:1      | Reached XP level 1. HP: 17/17 MP: 3/3
   103 | D:1      | Reached skill level 3 in Unarmed Combat
   194 | D:1      | Reached XP level 2. HP: 22/24 MP: 4/4
   709 | D:2      | Reached XP level 3. HP: 29/29 MP: 5/5
   777 | D:2      | Reached skill level 4 in Unarmed Combat
  1076 | D:2      | Found a runed translucent door.
  1077 | D:2      | Noticed a human
  1100 | D:2      | Noticed Robin
  1141 | D:2      | Killed Robin
  1142 | D:2      | Reached XP level 4. HP: 26/36 MP: 6/6
  1960 | D:2      | Reached skill level 5 in Unarmed Combat
  2371 | D:3      | Reached XP level 5. HP: 21/41 MP: 7/7
  2700 | D:3      | Reached skill level 6 in Unarmed Combat
  3331 | D:3      | Reached skill level 1 in Armour
  3617 | D:3      | Reached XP level 6. HP: 46/48 MP: 8/8
  4578 | D:4      | Noticed Ijyb
  4588 | D:4      | Killed Ijyb
  4589 | D:4      | Reached XP level 7. HP: 57/57 MP: 9/9
  4615 | D:4      | You fall into a shaft and drop 1 floor!
  4615 | D:5      | Entered Level 5 of the Dungeon
  4719 | D:5      | HP: 1/57 [something (2)]
  4722 | D:5      | Slain by an orc priest

Illustrated notes

Levels and vault maps discovered:
D:1:      sevenhm_arrival_forest_fort_large_2, layout_rooms
D:2:      layout_basic, chequers_ecumenical_altar_simple, dk_yredelemnul_ordeal,
          uniq_robin
D:3:      minmay_goblin_kobold_castle, layout_loops_cross,
          palyth_stone_intersect, minmay_misc_feat_chi
D:4:      layout_loops_ring, overflow_temple_1_default, old_standard_altar,
          ashenzari_conservatory_becter, minmay_temple_entry_proselytizer,
          uniq_ijyb
D:5:      cheibrodos_thug_alley, layout_gridville,
          gammafunk_temple_overflow_claw, gammafunk_ghost_split

Skill      XL: |  1  2  3  4  5  6 |
---------------+-------------------+-----
Unarmed Combat | 3 4 5 6 |  6.3
Fighting       | 2 3 |  3.3
Dodging        | 3 |  3.3
Armour         | 1 3 |  3.2
Throwing       | |  1.7

Action                   |  1- 3 |  4- 6 |  7- 9 || total
-------------------------+-------+-------+-------++-------
Melee: Unarmed           |   178 |   374 |    31 ||   583
       Punch             |     3 |    11 |     2 ||    16
Throw: Throwing net      |     2 |     1 |       ||     3
  Use: Scroll            |     4 |     3 |       ||     7
       Potion            |       |     1 |     1 ||     2
 Stab: Held in net/web   |     2 |     3 |       ||     5
       Sleeping          |     1 |       |       ||     1
Armor: Leather armour    |    35 |       |       ||    35
       Scale mail        |    12 |   149 |    24 ||   185
Dodge: Dodged            |    94 |   191 |    14 ||   299

Table legend: (Time is in decaauts)
 A = Elapsed time spent in this place.
 B = Non-inter-level travel time spent in this place.
 C = Inter-level travel time spent in this place.
 D = Time resting spent in this place.
 E = Time spent auto-exploring this place.
 F = Levels seen in this place.
 G = Mean time per level.
                   A        B        C        D        E       F      G
               +--------+--------+--------+--------+--------+-----+--------+
         Total |   4674 |   4584 |     90 |   1210 |   2145 |   5 |  934.8 |
       Dungeon |   4674 |   4584 |     90 |   1210 |   2145 |   5 |  934.8 |
               +--------+--------+--------+--------+--------+-----+--------+

Top non-repeatable levels by time:
     D:3: 2095 daAuts
     D:2: 1404 daAuts
     D:1: 689 daAuts
     D:4: 381 daAuts
     D:5: 104 daAuts
